 Dungeon Crawl Stone Soup version 0.29.0-4-gdea44cf6ec (webtiles) character file.

Game seed: 12855500319215055404

11 qw the Sneak (level 2, 0/19 HPs)
             Began as a Gargoyle Delver on Sept 10, 2022.
             Slain by an orc wizard
             ... wielding a +0 dagger
              (4 damage)
             ... on level 4 of the Dungeon.
             The game lasted 00:00:07 (104 turns).

qw the Sneak (Gargoyle Delver)                       Turns: 104, Time: 00:00:07

Health: 0/19       AC:  5    Str: 15    XL:     2   Next: 25%
Magic:  2/2        EV: 11    Int: 10    God:
Gold:   15         SH:  0    Dex: 11    Spells: 1/1 levels left

rFire   . . .      SeeInvis .   a - +0 hand axe
rCold   . . .      Faith    .   (no shield)
rNeg    + . .      Spirit   .   b - +0 leather armour
rPois   inf        Reflect  .   (no helmet)
rElec   +          Harm     .   (no cloak)
rCorr   .          Rampage  .   (no gloves)
Will    .....                   (no boots)
Stlth   +++.......              (no amulet)
HPRegen 0.06/turn               (no ring)
MPRegen 0.08/turn               (no ring)

@: no status effects
A: sickness immunity, AC +2, negative energy resistance 1, electricity
resistance, torment resistance 1, petrification resistance
a: no special abilities


You were on level 4 of the Dungeon.
You visited 1 branch of the dungeon, and saw 2 of its levels.

You collected 15 gold pieces.


Innate Abilities, Weirdness & Mutations

You are immune to sickness and miasma.
Your stone body is resilient. (AC +2)
You are immune to poison.
You resist negative energy. (rN+)
You are resistant to electric shocks. (rElec)
You are resistant to unholy torment.
You are immune to petrification.


   Skills:
 - Level 3.2 Fighting
 + Level 2.6 Axes
 - Level 1.5 Dodging
 - Level 5.4 Stealth


You had one spell level left.
You didn't know any spells.
Your spell library was empty.

Inventory:

Hand Weapons
 a - a +0 hand axe (weapon)
Armour
 b - a +0 leather armour (worn)
Wands
 g - a wand of digging (3)
Potions
 c - a potion of might {unknown}
 d - a potion of magic {unknown}
 f - a potion of haste

Dungeon Overview and Level Annotations

Branches:
Dungeon (5/15)
 Temple: D:4-7

Altars:
Ru


Message History

You barely miss the orc wizard.
The orc wizard is lightly wounded.
You barely miss the adder. The adder bites you but does no damage.
The orc wizard closely misses you.
You hit the orc wizard.
The orc wizard is heavily wounded.
You hit the adder but do no damage. The adder bites you but does no damage.
The orc wizard closely misses you. The adder barely misses you.
You hit the orc wizard. Your punch misses the orc wizard.
The orc wizard is almost dead.
You hit the adder. The orc wizard misses you. The adder bites you.
The orc wizard barely misses you.
You hit the orc wizard but do no damage.
The orc wizard is almost dead.
You hit the adder. The adder closely misses you. The adder bites you.
The orc wizard hits you with a +0 dagger.
You barely miss the orc wizard.
The orc wizard is almost dead.
You hit the adder. The adder barely misses you.
The orc wizard hits you with a +0 dagger.
The adder barely misses you.
You closely miss the orc wizard.
The orc wizard is almost dead.
You barely miss the adder. The orc wizard closely misses you.
The adder bites you but does no damage.
You hit the orc wizard but do no damage.
The orc wizard is almost dead.
You hit the adder.
You kill the adder!
The orc wizard hits you but does no damage.
You have reached level 2!
You miss the orc wizard.
The orc wizard is almost dead.
The orc wizard barely misses you.
The orc wizard hits you with a +0 dagger.
You die...

## ##+ .#...#
.#...# .....#
###o_.### .
###.@.....# ...
#.#...#...#
##.####.#%..# .#
........'####
(..........###
.........##.....
.........##.####
.........##.#
###......'..#


You could see an orc wizard (mute).

Vanquished Creatures
  An adder (D:4)
  A giant cockroach (D:4)
  A bat (D:4)
3 creatures vanquished.

Notes
Turn   | Place    | Note
-------+----------+-------------------------------------------
     0 | D:5      | qw the Gargoyle Delver began the quest for the Orb.
     0 | D:5      | Reached XP level 1. HP: 14/14 MP: 1/1
     0 | D:5      | 0 ||| qw: Version: 0.1-a-116-g5d60599
     0 | D:5      | 0 ||| qw: Game counter: 7788
     0 | D:5      | 0 ||| qw: Always use a shield: true
     0 | D:5      | 0 ||| qw: God list: Okawaru
     0 | D:5      | 0 ||| qw: Allow faded altars: false
     0 | D:5      | 0 ||| qw: Do Orc after D:15 true
     0 | D:5      | 0 ||| qw: Do second Lair branch before Depths: true
     0 | D:5      | 0 ||| qw: Lair rune preference: random
     0 | D:5      | 0 ||| qw: Plans: Normal
     0 | D:5      | 0 ||| PLANNING D:1-11
     0 | D:5      | 0 ||| DROPPING scroll of fog.
     1 | D:5      | 1 ||| DROPPING scroll of magic mapping.
     2 | D:5      | 2 ||| DROPPING scroll of fear.
    43 | D:4      | Found a sacrificial altar of Ru.
    65 | D:4      | 65 ||| Stepping ~*~*~tactically~*~*~ (stealth).
    67 | D:4      | 67 ||| Stepping ~*~*~tactically~*~*~ (stealth).
    69 | D:4      | 69 ||| Stepping ~*~*~tactically~*~*~ (stealth).
    71 | D:4      | 71 ||| Stepping ~*~*~tactically~*~*~ (stealth).
    73 | D:4      | 73 ||| Stepping ~*~*~tactically~*~*~ (stealth).
    75 | D:4      | 75 ||| Stepping ~*~*~tactically~*~*~ (stealth).
    92 | D:4      | Noticed an orc wizard
   101 | D:4      | HP: 3/14 [orc wizard/+0 dagger (3)]
   104 | D:4      | Reached XP level 2. HP: 4/19 MP: 2/2
   104 | D:4      | Slain by an orc wizard

Levels and vault maps discovered:
D:4:      layout_basic, nicolae_ru_great_annihilating_truth,
          kiku_gazebo_pond_becter, vehumet_statue, uniq_ijyb
D:5:      layout_cave_pools, gammafunk_ghost_mausoleum

Skill      XL: |  1 |
---------------+----+-----
Axes           | 2 |  2.6
Fighting       | |  3.2
Dodging        | |  1.5
Stealth        | |  5.4

Action                   || total
-------------------------++-------
Melee: Hand axe          ||    15
Armor: Leather armour    ||     6
Dodge: Dodged            ||    20

Table legend:
 A = Non-vault XP
 B = Vault XP
 C = Vault XP percentage of total XP
 D = Non-vault monster count
 E = Vault monster count
 F = Vault count percentage of total count
                 A         B        C        D         E       F
            +---------+---------+-------+---------+---------+-------
      Total |       0 |      16 | 100.0 |       0 |       3 | 100.0
            +---------+---------+-------+---------+---------+-------
        D:4 |       0 |      16 | 100.0 |       0 |       3 | 100.0
            +---------+---------+-------+---------+---------+-------
